 Dungeon Crawl Stone Soup version 0.29.1-15-g9cfb28693d (webtiles) character file.

Game seed: 11817631144028561376

13108 112233 the Fighter (level 12, 0/88 HPs)
             Began as an Octopode Earth Elementalist on Feb 25, 2023.
             Was an Initiate of Gozag.
             Shot with a bolt by a yaktaur (22 damage)
             ... on level 11 of the Dungeon on Feb 26, 2023.
             The game lasted 00:19:05 (18303 turns).

112233 the Fighter (Octopode Earth Elementalist)   Turns: 18303, Time: 00:19:06

Health: 0/88       AC:  1    Str:  7    XL:     12   Next: 2%
Magic:  25/25      EV: 16    Int: 23    God:    Gozag
Gold:   635        SH:  0    Dex: 12    Spells: 16/30 levels left

rFire   . . .      SeeInvis .   F - staff of earth
rCold   . . .      Faith    .   (no shield)
rNeg    . . .      Spirit   .   (helmet restricted)
rPois   .          Reflect  .   (no amulet)
rElec   .          Harm     .   r - ring of wizardry
rCorr   .          Rampage  .   f - ring of wizardry
Will    .....                   (no ring)
Stlth   +++.......              (no ring)
HPRegen 0.24/turn               (no ring)
MPRegen 0.19/turn               (no ring)
                                (no ring)
                                (no ring)

@: mighty
A: almost no armour, amphibious, 8 rings, camouflage 1, gelatinous body 1,
(nimble swimmer 1), tentacles
a: Renounce Religion, Potion Petition, Call Merchant, Bribe Branch


You were on level 11 of the Dungeon.
You worshipped Gozag.
Gozag was pleased with you.
You visited 2 branches of the dungeon, and saw 13 of its levels.

You collected 1304 gold pieces.
You paid 669 gold pieces to Gozag.

Inventory:

Hand Weapons
 o - the +6 dagger "Mesoto Yshu" {freeze, rC+ Dex+4}
   (You found it on level 2 of the Dungeon)

   It freezes those it strikes, dealing additional cold damage.
   It can also slow down cold-blooded creatures.
   Dex:       It affects your dexterity (+4).
   rC:        It protects you from cold.
Missiles
 n - 2 throwing nets
 v - 10 curare-tipped darts
Armour
 H - an orb of mayhem
Magical Staves
 s - a staff of fire
 F - a staff of earth (weapon)
Jewellery
 f - a ring of wizardry (right tentacle)
 j - a ring of ice
 r - a ring of wizardry (left tentacle)
Wands
 A - a wand of iceblast (20)
 D - a wand of polymorph (15)
 E - a wand of mindburst (14)
Scrolls
 b - a scroll of identify
 c - 4 scrolls of enchant armour
 d - 2 scrolls of magic mapping
 e - 3 scrolls of amnesia
 l - 2 scrolls of vulnerability
 t - a scroll of torment
 u - a scroll of brand weapon
 z - 4 scrolls of enchant weapon
 C - 2 scrolls of fear
Potions
 a - 4 potions of magic
 g - a potion of ambrosia
 k - 5 potions of might
 m - a potion of heal wounds {unknown}
 p - 3 potions of brilliance
 q - a potion of mutation
 x - 2 potions of flight {unknown}
 B - 2 potions of invisibility {unknown}
 G - a potion of experience {unknown}


   Skills:
 + Level 10.4 Fighting
 + Level 8.3 Dodging
 - Level 2.8 Stealth
 + Level 9.9 Spellcasting
 + Level 6.1 Conjurations
 - Level 1.1 Transmutations
 + Level 7.0 Earth Magic


You had 16 spell levels left.
You knew the following spells:

 Your Spells              Type           Power      Damage    Failure   Level
a - Sandblast             Erth           100%       2d20      1%          1
b - Stone Arrow           Conj/Erth      100%       3d13      1%          3
c - Passwall              Tmut/Erth      37%        N/A       1%          2
d - Petrify               Tmut/Erth      45%        N/A       3%          4
e - Sticky Flame          Conj/Fire      25%        2d5       4%          4

Your spell library contained the following spells:

 Spells                   Type           Power      Damage    Failure   Level
 Magic Dart               Conj           100%       1d8       1%          1
 Searing Ray              Conj           78%        2d7       1%          2
 Conjure Flame            Conj/Fire      25%        6-21      1%          3
 Mephitic Cloud           Conj/Pois/Air  20%        N/A       2%          3
 Ignite Poison            Fire/Tmut/Pois 13%        N/A       4%          3
 Ozocubu's Armour         Ice            11%        N/A       4%          3
 Summon Guardian Golem    Hex/Summ       11%        N/A       4%          3
 Fulminant Prism          Conj/Hex       12%        3d9       4%          4
 Anguish                  Hex/Necr       5%         N/A       16%         4
 Freezing Cloud           Conj/Ice/Air   10%        6-21      17%         5
 Orb of Destruction       Conj           19%        9d8       65%         7
 Spellforged Servitor     Conj/Summ      12%        N/A       96%         7
 Enfeeble                 Hex            5%         N/A       100%        7
 Ozocubu's Refrigeration  Ice            5%         4d8       100%        7


Dungeon Overview and Level Annotations

Branches:
Dungeon (12/15)            Temple (1/1) D:6
   Lair: D:8-11         Orc: D:9-12

Altars:
Ashenzari
Cheibriados
Dithmenos
Elyvilon
Fedhas
Gozag
Hepliaklqana
Kikubaaqudgha
Makhleb
Nemelex Xobeh
Okawaru
Qazlal
Ru
Sif Muna
Trog
Uskayaw
Vehumet
Wu Jian
Xom
Yredelemnul
Zin
The Shining One

Shops:
D:4 [   D:6 (

Annotations:
D:4 exclusion: downstairs
D:5 Dowan
D:7 exclusion: downstairs


Innate Abilities, Weirdness & Mutations

You cannot wear most types of armour.
You are amphibious.
You can wear up to eight rings at the same time.
Your skin changes colour to match your surroundings (Stealth+).
Your rubbery body absorbs attacks. (AC +1, EV +1)
((You are camouflaged when in or above water. (Stealth+)))
You have tentacles for arms and can constrict up to eight enemies at once.


Message History

The yak bellows! x2
The yaktaur shoots a bolt.
The bolt hits you!!
* * * LOW HITPOINT WARNING * * *
You are confused.
You feel invigorated.
The yaktaur shoots a bolt.
The bolt barely misses you.
Unknown command.
The yak is no longer distracted by gold. x2
The yak is distracted by your dazzling golden aura. x2
The yaktaur shoots a bolt.
The yak bellows!
Don't expect to remain undetected while in the water.
The yak bellows!
The yak is no longer distracted by gold.
The yaktaur shoots a bolt.
The bolt hits you!!
* * * LOW HITPOINT WARNING * * *
The yak is no longer distracted by gold.
The yak is distracted by your dazzling golden aura.
You see here a +0 arbalest.
Things that are here:
9 gold pieces; a +0 club; 5 stones You feel less invigorated.
You feel less confused.
You flicker for a moment.
You see here a +0 club.
You see here a +0 flail.
You flicker back into view.
The yaktaur shoots a bolt.
The bolt completely misses you.
Aiming: Mindburst
Press: ? - help, Shift-Dir - straight line, f/p - yaktaur
Aim: a yaktaur, wielding a +0 arbalest (heavily wounded, chance to affect: 47%)
The yaktaur's mind is blasted!
The yaktaur shoots a bolt.
The bolt hits you!!
* * * LOW HITPOINT WARNING * * *
Unknown command.
Aiming: Mindburst
Press: ? - help, Shift-Dir - straight line, f/p - yaktaur
Aim: a yaktaur, wielding a +0 arbalest (almost dead, chance to affect: 47%)
The yaktaur resists with some effort.
The yaktaur shoots a bolt.
The bolt hits you!!
You die...
Your body crumbles into a pile of gold.

#....$.....#####....
#≈≈≈≈≈≈cY..........≈
#.....≈≈≈......≈≈≈≈≈
#......)≈≈≈...≈≈....
#.....)$..≈≈≈≈≈.....
#...)$).............
#....$..............
#...............$...
#..@.).)............
####################


You could see a yaktaur and a yak.

Vanquished Creatures
  2 hydras (D:11)
  A two-headed ogre (D:8)
  2 death yaks (D:11)
  A komodo dragon (D:10)
  4 yaktaurs (D:11)
  A kobold demonologist (D:10)
  3 trolls
  A hornet (D:8)
  27 yaks
  A wraith (D:9)
  A steam dragon (D:9)
  Duvessa (D:5)
  6 water moccasins
  3 orc warriors
  2 black bears
  An ice beast (D:5)
  4 ogres
  3 centaurs (D:9)
  3 kobold brigands
  2 bullfrogs
  A gnoll sergeant (D:7)
  7 scorpions
  3 wights (D:6)
  A howler monkey (D:7)
  An electric eel (D:11)
  A jelly (D:5)
  A gnoll bouda (D:8)
  4 orc priests
  An iguana (D:6)
  8 orc wizards
  14 gnolls
  7 adders
  A shadow imp (D:7)
  3 white imps
  3 ufetubi
  5 worms
  4 dart slugs
  30 orcs
  7 bats
  11 endoplasms
  8 giant cockroaches
  7 goblins
  9 hobgoblins
  19 kobolds
  5 quokkas
  16 ball pythons
  6 frilled lizards
  9 rats
261 creatures vanquished.

Vanquished Creatures (collateral kills)
  An orc wizard (D:9)
1 creature vanquished.

Vanquished Creatures (others)
  A yak (D:11)
  A gnoll (D:11)
  60 fungi (D:11)
  52 plants
114 creatures vanquished.

Grand Total: 376 creatures vanquished

Notes
Turn   | Place    | Note
-------+----------+-------------------------------------------
     0 | D:1      | 112233 the Octopode Earth Elementalist began the quest for
                  | the Orb.
     0 | D:1      | Reached XP level 1. HP: 11/11 MP: 3/3
   155 | D:1      | Reached XP level 2. HP: 18/18 MP: 3/5
   214 | D:1      | Reached skill level 1 in Fighting
   477 | D:1      | Reached XP level 3. HP: 23/23 MP: 3/6
  1264 | D:2      | Reached skill level 2 in Fighting
  1398 | D:2      | Found an iron altar of Okawaru.
  1476 | D:2      | Identified the +6 dagger "Mesoto Yshu" {freeze, rC+ Dex+4}
  1496 | D:2      | Reached XP level 4. HP: 29/29 MP: 6/8
  2318 | D:3      | Found a faded altar of an unknown god.
  2827 | D:2      | Learned a level 3 spell: Stone Arrow
  2830 | D:2      | Learned a level 2 spell: Passwall
  3131 | D:3      | Reached XP level 5. HP: 21/36 MP: 1/10
  3434 | D:3      | Reached skill level 3 in Fighting
  3457 | D:3      | Found an iron altar of Okawaru.
  3590 | D:3      | Found a glowing golden altar of the Shining One.
  4060 | D:4      | Found Rotrestru's Antique Armour Shoppe.
  4188 | D:4      | Reached XP level 6. HP: 43/43 MP: 8/12
  4251 | D:4      | Reached skill level 4 in Fighting
  4459 | D:5      | Entered Level 5 of the Dungeon
  4463 | D:5      | Noticed a water moccasin
  4464 | D:5      | Noticed an ice beast
  4472 | D:4      | Killed a water moccasin
  4831 | D:5      | Reached XP level 7. HP: 40/49 MP: 9/14
  4991 | D:5      | Reached skill level 5 in Fighting
  4991 | D:5      | Reached skill level 5 in Spellcasting
  5284 | D:6      | Found a sparkling altar of Nemelex Xobeh.
  5519 | D:5      | Reached skill level 6 in Fighting
  5519 | D:5      | Reached XP level 8. HP: 28/57 MP: 0/17
  6035 | D:5      | Noticed Duvessa
  6040 | D:5      | Noticed Dowan
  6406 | D:5      | Killed Duvessa
  7424 | D:6      | Reached skill level 7 in Fighting
  7542 | D:6      | Found an ancient bone altar of Kikubaaqudgha.
  8001 | D:6      | Found a staircase to the Ecumenical Temple.
  8151 | Temple   | Entered the Ecumenical Temple
  8330 | D:6      | Reached XP level 9. HP: 53/65 MP: 9/20
  8522 | D:6      | Found Tivvi's Weapon Emporium.
  8818 | D:6      | Found an opulent altar of Gozag.
  8839 | D:6      | Became a worshipper of Gozag Ym Sagoz the Greedy
  8877 | D:7      | Reached skill level 8 in Fighting
 10187 | D:8      | Noticed a hornet
 10200 | D:8      | Killed a hornet
 10201 | D:8      | Reached skill level 1 in Conjurations
 10550 | D:8      | Found a radiant altar of Vehumet.
 10733 | D:8      | Noticed a two-headed ogre
 10743 | D:8      | Learned a level 4 spell: Petrify
 10790 | D:9      | Noticed a troll
 10794 | D:9      | Killed a troll
 11824 | D:8      | Reached XP level 10. HP: 66/73 MP: 15/22
 12270 | D:8      | Reached skill level 9 in Fighting
 12270 | D:8      | Reached skill level 5 in Dodging
 13041 | D:8      | Killed a two-headed ogre
 13823 | D:9      | Reached skill level 5 in Earth Magic
 14300 | D:9      | Found a sacrificial altar of Ru.
 15076 | D:9      | Reached XP level 11. HP: 67/80 MP: 3/24
 15555 | D:10     | Entered Level 10 of the Dungeon
 16302 | D:11     | Noticed a two-headed ogre
 16631 | D:10     | You fall into a shaft and drop 1 floor!
 16693 | D:11     | Noticed a death yak
 16703 | D:11     | Noticed a death yak
 16863 | D:11     | Reached skill level 5 in Conjurations
 16874 | D:11     | Killed a death yak
 16878 | D:11     | Killed a death yak
 16879 | D:11     | Reached skill level 10 in Fighting
 17529 | D:11     | Noticed a manticore
 17541 | D:11     | Noticed a seven-headed hydra
 17558 | D:11     | Learned a level 4 spell: Sticky Flame
 17752 | D:11     | Noticed a four-headed hydra
 17759 | D:11     | Killed a four-headed hydra
 17837 | D:11     | Killed a seven-headed hydra
 18277 | D:11     | Reached XP level 12. HP: 52/88 MP: 10/25
 18303 | D:11     | Shot with a bolt by a yaktaur

Illustrated notes

Levels and vault maps discovered:
D:1:      onia_arrival_handbag, layout_basic, minmay_surrounded
D:2:      layout_basic, basic_altar
D:3:      layout_rooms, tso_altar, mainiacjoe_overflow_paths,
          dilly_ecumenical_altar_fadedgnrine, kennysheep_generic_room_11
D:4:      layout_gridville, serial_shops, shop, corexii_shack,
          nicolae_eternal_life
D:5:      layout_cave_pools, hangedman_abyss_or_decor_stagger,
          chequers_mini_garden, grunt_decor_junction, chequers_avenue,
          uniq_duvessa
D:6:      layout_gridville, mainiacjoe_overflow_surrounded_room,
          kiku_gazebo_pond_becter, lemuel_crystal_altar,
          minmay_temple_entry_fiery, serial_shops,
          nicolae_shop_bloodbath_and_beyond, gup_sewer_entry_bubbles,
          st_stairs_12, nrook_uturn
D:7:      layout_loops_cross
D:8:      layout_basic, vehumet_crystals, kennysheep_cross_room
D:9:      layout_basic, mainiacjoe_overflow_concentric_impassable
D:10:     layout_roguey
D:11:     fort_yaktaur, layout_layer_cave, due_lair_maze_entry_diamond
D:12:     layout_basic, orc_0_dummy, roderic_serpentine_path, uniq_josephine,
          uniq_azrael
Temple:   minmay_freezing_vapour_temple

Skill      XL: |  1  2  3  4  5  6  7  8  9 10 11 |
---------------+----------------------------------+-----
Fighting       | 1 2 3 4 6 7 8 9 10 | 10.4
Spellcasting   | 3 4 6 7 8 9 |  9.9
Conjurations   | 2 4 6 |  6.1
Dodging        | 4 6 8 |  8.3
Earth Magic    | 4 5 7 |  7.0
Stealth        | |  2.8
Transmutations | |  1.1

Action                   |  1- 3 |  4- 6 |  7- 9 | 10-12 || total
-------------------------+-------+-------+-------+-------++-------
Melee: Unarmed           |     7 |       |       |       ||     7
       Constrict         |     2 |       |     4 |     1 ||     7
       Tentacles         |     1 |     1 |     2 |     4 ||     8
       Dagger            |       |     5 |     9 |    11 ||    25
       Punch             |       |       |     1 |     2 ||     3
       Staff             |       |       |       |     7 ||     7
 Cast: Sandblast         |    56 |   111 |    24 |    12 ||   203
       Stone Arrow       |       |     2 |   135 |   176 ||   313
Invok: Potion Petition   |       |       |     1 |     1 ||     2
Evoke: Wand              |       |       |     8 |    13 ||    21
  Use: Potion            |       |     5 |     5 |     2 ||    12
       Scroll            |       |       |     7 |    11 ||    18
 Stab: Sleeping          |       |     2 |       |       ||     2
Armor: Skin              |     5 |    10 |     4 |     4 ||    23
Dodge: Dodged            |    12 |    48 |    48 |    54 ||   162
